 Dungeon Crawl Stone Soup version 0.20-a0-187-ge5586d949a (webtiles) character file.

77882 FitzyFitz the Spear-Bearer (level 15, 0/119 HPs)
             Began as a Merfolk Ice Elementalist on Nov 23, 2016.
             Was a High Priest of Sif Muna.
             Slain by Rupert
             ... wielding a +2 battleaxe of electrocution
              (6 damage)
             ... on level 2 of the Orcish Mines.
             The game lasted 03:07:18 (33298 turns).

FitzyFitz the Spear-Bearer (MfIE)                  Turns: 33298, Time: 03:07:19

Health: 0/119      AC: 19    Str:  8    XL:     15   Next: 58%
Magic:  2/25       EV: 25    Int: 21    God:    Sif Muna [*****.]
Gold:   1570       SH:  0    Dex: 15    Spells: 1/28 levels left

rFire  . . .     SeeInvis .     G - +3 halberd (protect)
rCold  . . .     Gourm    .     M - +2 leather armour {MR+}
rNeg   . . .     Faith    .     (shield currently unavailable)
rPois  .         Spirit   .     D - +1 helmet
rElec  .         Reflect  .     v - +0 cloak
rCorr  .         Harm     +     X - +1 pair of gloves {archery}
MR     +++..                    J - +0 pair of boots
Stlth  +++.......               w - amulet of harm
                                n - +6 ring of evasion
                                t - ring of protection from magic

@: about to teleport, protection aura, drained
A: change form in water, swift swim, stealthy swim
a: Divine Energy, Channel Magic, Forget Spell, Renounce Religion


You were on level 2 of the Orcish Mines.
You worshipped Sif Muna.
Sif Muna was extremely pleased with you.
You were very hungry.

You visited 4 branches of the dungeon, and saw 21 of its levels.
You also visited: Labyrinth and Bailey.

You collected 1907 gold pieces.
You spent 337 gold pieces at shops.

Inventory:

Hand Weapons
 a - a +3 trident of freezing
 b - the +7 hunting sling "Pupidyud" {freeze, MR+ Str+2}
   (You found it in a bailey)

   It causes projectiles fired from it to freeze those they strike, causing
   extra injury to most foes and up to half again as much damage against
   particularly susceptible opponents.
   They can also slow down cold-blooded creatures.
   It affects your strength (+2).
   It affects your resistance to hostile enchantments.
 z - a +10 blowgun
 G - a +3 halberd of protection (weapon)
Missiles
 F - 5 poisoned javelins (quivered)
 L - 7 throwing nets
 N - 135 sling bullets
Armour
 v - a +0 cloak (worn)
 D - a +1 helmet (worn)
 J - a +0 pair of boots (worn)
 K - the cursed +0 leather armour of the Original Sin {rElec rF+, unknown}
   (You found it on level 11 of the Dungeon)

   It protects you from fire.
   It insulates you from electricity.
   It has a curse placed upon it.
 M - a +2 leather armour of magic resistance (worn)
 V - +2 steam dragon scales
 X - a +1 pair of gloves of archery (worn)
 Y - a +2 buckler
Jewellery
 h - an uncursed ring of fire
 n - a +6 ring of evasion (right hand)
 r - an uncursed ring of wizardry
 s - the amulet "Yczic" {+Rage rElec rF+, unknown}
   (You found it in a labyrinth)

   [amulet of rage]

   It protects you from fire.
   It insulates you from electricity.
   It lets you go berserk.
 t - a ring of protection from magic (left hand)
 w - an amulet of harm (around neck)
 E - an uncursed ring of magical power
 O - an uncursed ring of protection from cold
 W - an uncursed amulet of rage {unknown}
Wands
 j - a wand of disintegration (9/24)
 q - a wand of disintegration (12/24)
 y - a wand of digging (14/24)
 S - a wand of iceblast (3/15)
 U - a wand of hasting (6/9)
Scrolls
 c - a scroll of magic mapping
 k - a scroll of summoning
 p - a scroll of acquirement {unknown}
 u - 3 scrolls of immolation
 H - 5 scrolls of remove curse
 I - a scroll of fog
Potions
 d - a potion of resistance {unknown}
 e - 5 potions of flight
 A - a potion of beneficial mutation {unknown}
 C - 2 potions of might
 T - 2 potions of lignification
Books
 l - a Necronomicon

   Spells                             Type                      Level
   a - Haunt                          Necromancy/Summoning         7
   b - Borgnjor's Revivification      Necromancy                   8
   c - Death's Door                   Charms/Necromancy            8
   d - Infestation                    Necromancy                   8
   e - Necromutation                  Transmutation/Necromancy     8
 x - a book of Maledictions

   Spells                             Type                      Level
   a - Corona                         Hexes                        1
   b - Ensorcelled Hibernation        Hexes/Ice                    2
   c - Confuse                        Hexes                        3
   d - Tukima's Dance                 Hexes                        3
   e - Dazzling Spray                 Conjuration/Hexes            3
 B - a book of the Sky

   Spells                             Type                      Level
   a - Summon Lightning Spire         Summoning/Air                4
   b - Airstrike                      Air                          4
   c - Silence                        Hexes/Air                    5
   d - Deflect Missiles               Charms/Air                   6
   e - Conjure Ball Lightning         Conjuration/Air              6
   f - Tornado                        Air                          9
Comestibles
 g - 11 meat rations
 i - 15 fruits
 m - 4 slices of pizza
 Q - 16 chunks of flesh


   Skills:
 - Level 11.4(10.9) Fighting
 - Level 14.0(13.5) Polearms
 - Level 4.0(3.6) Armour
 - Level 12.0(11.5) Dodging
 - Level 6.0(5.5) Stealth
 - Level 4.0(3.6) Shields
 - Level 7.0(6.6) Spellcasting
 + Level 6.1(5.7) Conjurations
 - Level 6.0(5.5) Charms
 - Level 4.5(4.1) Summonings
 - Level 2.1(1.7) Necromancy
 - Level 2.6(2.3) Translocations
 - Level 13.8(13.3) Ice Magic
 + Level 5.4(5.0) Air Magic
 - Level 3.5(3.1) Poison Magic


You had one spell level left.
You knew the following spells:

 Your Spells              Type           Power        Failure   Level  Hunger
a - Mephitic Cloud        Conj/Pois/Air  ####....     8%          3    #......
b - Ozocubu's Armour      Chrm/Ice       #####...     1%          3    #......
c - Throw Icicle          Conj/Ice       #####...     2%          4    ###....
d - Summon Ice Beast      Ice/Summ       #####...     4%          4    ###....
e - Blink                 Tloc           N/A          10%         2    None
f - Repel Missiles        Chrm/Air       ####..       2%          2    None
g - Regeneration          Chrm/Necr      ###.......   12%         3    #......
h - Freezing Cloud        Conj/Ice/Air   #####.....   78%         6    ######.


Dungeon Overview and Level Annotations

Branches:
Dungeon (12/15)            Temple (1/1) D:6            Lair (6/6) D:9
  Swamp (0/4) Lair:3       Spider (0/4) Lair:4        Slime (0/5) Lair:6
    Orc (2/2) D:12            Elf (0/3) Orc:2

Altars:
Ashenzari
Dithmenos
Gozag
Hepliaklqana
Ru
Sif Muna
Vehumet
Jiyva

Shops:
D:9 *   D:11 *   Orc:1 *

Annotations:
Orc:1 Snorg
Orc:2 Rupert


Message History

Your +2 leather armour of magic resistance unmelds from your body.
You feel that your aim is more steady.
You feel resistant to hostile enchantments.
You feel yourself slow down.
You feel a little less mighty now. Rupert barely misses you.
Okay, then.
Unknown command.
As you read the scroll of teleportation, it crumbles to dust.
You feel strangely unstable. Rupert completely misses you.
Casting: Ozocubu's Armour
Confirm with . or Enter, or press ? or * to list all spells.
Okay, then.
Unknown command.
Okay, then.
Unknown command.
Unknown command.
You hit Rupert.
Rupert is lightly wounded.
Rupert hits you with a battleaxe of electrocution.
You die...

#.#.....#######.........
####.......#.<..........
#......o..))[[..)....)
##.##...))........#.[.
#####.o.....##.####).
###o.o....### #..
##.@†.....## #..
#@##...#..# #..
##@#..##### ### ####...#
#####


You could see Rupert (berserk).

Vanquished Creatures
  A dire elephant (Lair:6)
  Josephine (D:11)
  A fire dragon (D:11)
  Erolcha (D:12)
  The ghost of aTarkinC the Destroyer, a journeyman GrFE of Vehumet (Lab)
  7 hydras
  Erica (D:10)
  8 death yaks
  The ghost of gressup the Spear-Bearer, a novice OpBe of Trog (D:7)
  An unseen horror (D:10)
  3 lindwurms (Lair:6)
  A hill giant (D:10)
  2 orc knights
  2 orc sorcerers (Orc:2)
  An ugly thing (D:9)
  4 manticores
  2 black mambas
  An elephant (Lair:6)
  2 gargoyles (D:11)
  12 spiny frogs
  A torpor snail (Lair:1)
  3 komodo dragons
  10 rime drakes
  6 trolls
  A hornet (D:12)
  11 polar bears
  A minotaur skeleton (Lab)
  3 raiju (Lair:6)
  7 blink frogs
  23 dream sheep
  9 hippogriffs
  39 yaks
  8 spriggans (D:9)
  2 wyverns
  3 wraiths
  3 basilisks (Lair:6)
  2 hogs (D:11)
  A human (D:11)
  2 vampire mosquitoes (Lair:3)
  9 wargs
  Edmund (D:6)
  9 hell hounds (Lair:6)
  A soldier ant (D:11)
  12 water moccasins
  2 acid dragons
  10 insubstantial wisps (Lair:3)
  9 porcupines
  4 ice beasts
  2 sky beasts
  An eye of draining (D:11)
  13 black bears
  10 ogres
  A necrophage (D:10)
  24 orc warriors
  23 wolves
  4 phantoms
  A boggart (D:11)
  3 centaurs
  9 crocodiles
  A big kobold (D:9)
  A gnoll sergeant (D:11)
  20 bullfrogs
  2 scorpions
  14 killer bees
  12 wights
  A troll skeleton (Lab)
  7 howler monkeys
  2 centaur zombies
  A bullfrog zombie (D:10)
  3 centaur skeletons
  4 crimson imps
  3 jellies
  11 orc priests
  4 hounds
  25 orc wizards
  A bullfrog skeleton (D:6)
  Terence (D:2)
  4 iguanas
  8 worker ants
  2 killer bee zombies
  A hound zombie (D:11)
  Robin (D:2)
  2 worker ant zombies (D:6)
  5 gnolls
  10 adders
  A howler monkey skeleton (D:7)
  8 shadow imps
  An ooze (D:3)
  2 adder skeletons
  A worm (D:3)
  6 leopard geckos
  104 orcs
  3 giant cockroaches (D:1)
  12 goblins
  14 hobgoblins
  7 jackals
  19 kobolds
  6 quokkas
  A ball python (D:2)
  9 bats
  11 frilled lizards
  4 rats
  A fungus (Lair:5)
  2 plants
694 creatures vanquished.

Vanquished Creatures (collateral kills)
  A minotaur (Lab)
  3 hydras
  Harold (Lair:2)
  An anaconda (Lair:6)
  A catoblepas (Lair:6)
  4 death yaks
  Urug (D:11)
  An oklob plant (Lair:5)
  An elephant (Lair:6)
  A black mamba (Lair:6)
  A torpor snail (Lair:6)
  A komodo dragon (Lair:4)
  4 blink frogs
  A hippogriff (Lair:2)
  17 dream sheep
  Sigmund (D:6)
  A wyvern (Lair:6)
  3 yaks
  3 basilisks (Lair:1)
  3 hell hounds (Lair:6)
  A porcupine (Lair:1)
  2 orc warriors (Orc:2)
  A black bear (Lair:6)
  2 wolves
  2 crocodiles
  A bullfrog (Lair:1)
  A killer bee (D:8)
  2 electric eels (D:6)
  A wight (D:10)
  A gnoll (D:11)
  An orc (Orc:2)
  A jackal (D:6)
  A fungus (Lair:6)
67 creatures vanquished.

Vanquished Creatures (others)
  18 fungi
  29 plants
47 creatures vanquished.

Grand Total: 808 creatures vanquished

Notes
Turn   | Place    | Note
-------+----------+-------------------------------------------
     0 | D:1      | FitzyFitz the Merfolk Ice Elementalist began the quest for the Orb.
     0 | D:1      | Reached XP level 1. HP: 13/13 MP: 3/3
   363 | D:1      | Reached XP level 2. HP: 9/19 MP: 3/5
  1639 | D:1      | Reached XP level 3. HP: 24/24 MP: 6/6
  1768 | D:1      | Learned a level 3 spell: Ozocubu's Armour
  1787 | D:2      | Noticed Terence
  1795 | D:2      | Killed Terence
  1795 | D:2      | Reached skill level 5 in Ice Magic
  2050 | D:2      | Reached XP level 4. HP: 24/30 MP: 2/7
  2108 | D:2      | Noticed Robin
  2715 | D:2      | Found a hazy altar of Hepliaklqana.
  2732 | D:2      | Found a shadowy altar of Dithmenos.
  2732 | D:2      | Found a sacrificial altar of Ru.
  2734 | D:2      | Found a deep blue altar of Sif Muna.
  2786 | D:2      | Found a shattered altar of Ashenzari.
  2793 | D:2      | Became a worshipper of Sif Muna the Loreminder
  3763 | D:2      | Reached XP level 5. HP: 34/35 MP: 5/8
  4190 | D:3      | Reached skill level 1 in Charms
  4752 | D:2      | Killed Robin
  4752 | D:2      | Reached XP level 6. HP: 33/41 MP: 5/9
  4972 | D:4      | Reached skill level 1 in Polearms
  4980 | D:4      | Reached skill level 2 in Polearms
  5076 | D:4      | Reached * piety under Sif Muna
  5088 | D:4      | Reached skill level 3 in Polearms
  5088 | D:4      | Reached XP level 7. HP: 46/46 MP: 10/10
  5696 | D:5      | Entered Level 5 of the Dungeon
  5754 | D:5      | Learned a level 4 spell: Throw Icicle
  6132 | D:5      | Reached skill level 1 in Conjurations
  6307 | D:5      | Reached skill level 4 in Polearms
  6709 | D:5      | Reached XP level 8. HP: 45/52 MP: 11/11
  6755 | D:5      | Reached skill level 5 in Polearms
  7515 | D:6      | Reached ** piety under Sif Muna
  7528 | D:6      | Reached skill level 1 in Shields
  7528 | D:6      | Reached skill level 5 in Charms
  7888 | D:6      | Learned a level 4 spell: Summon Ice Beast
  8035 | D:6      | Found a staircase to the Ecumenical Temple.
  8663 | D:6      | Reached skill level 1 in Summonings
  8785 | D:6      | Reached XP level 9. HP: 39/57 MP: 13/13
  9455 | D:7      | Noticed gressup's ghost (novice OpBe)
  9694 | D:6      | Noticed Sigmund
  9695 | D:6      | Noticed Edmund
  9706 | Temple   | Entered the Ecumenical Temple
  9933 | D:6      | Killed Sigmund
  9968 | D:6      | Killed Edmund
 10788 | D:8      | Reached *** piety under Sif Muna
 11056 | D:7      | Learned a level 3 spell: Mephitic Cloud
 11441 | D:8      | Upgraded the game from 0.20-a0-151-g755e310 to 0.20-a0-187-ge5586d949a
 11483 | D:8      | Reached skill level 1 in Poison Magic
 11673 | D:8      | Reached skill level 1 in Fighting
 11887 | D:9      | Found a flagged portal.
 11895 | Bailey   | Entered a bailey
 11920 | Bailey   | Reached skill level 1 in Air Magic
 11920 | Bailey   | Reached XP level 10. HP: 31/66 MP: 14/14
 13144 | Bailey   | Got a brightly glowing shield
 13149 | Bailey   | Got a smoking hunting sling
 13233 | Bailey   | Identified the cursed +0 shield "Ynaqef" {rF+ Dex+2 SInv} (You found it in a bailey)
 13267 | Bailey   | Identified the +7 hunting sling "Pupidyud" {freeze, MR+ Str+2} (You found it in a bailey)
 13643 | D:9      | Reached skill level 1 in Armour
 13643 | D:9      | Reached skill level 5 in Dodging
 13649 | D:9      | Reached skill level 6 in Polearms
 13834 | D:9      | Found a staircase to the Lair.
 14245 | D:9      | Reached skill level 7 in Polearms
 14416 | D:9      | Noticed a cyan ugly thing
 14479 | D:9      | Reached skill level 5 in Fighting
 14506 | D:9      | Reached XP level 11. HP: 79/79 MP: 15/15
 14613 | D:9      | Found Siotiot's Assorted Antiques.
 14619 | D:9      | Bought a scroll of identify for 54 gold pieces
 14619 | D:9      | Bought a pair of glowing gloves for 283 gold pieces
 14970 | Lair:1   | Entered Level 1 of the Lair of Beasts
 15053 | Lair:1   | Found an opulent altar of Gozag.
 15112 | Lair:1   | Reached skill level 5 in Stealth
 15378 | Lair:1   | Noticed an eight-headed hydra
 15387 | Lair:1   | Killed an eight-headed hydra
 15387 | Lair:1   | Reached skill level 8 in Polearms
 15686 | Lair:1   | Got a faintly glowing rapier
 16117 | Lair:1   | Reached skill level 9 in Polearms
 16366 | Lair:2   | Noticed Harold
 16554 | Lair:2   | Reached **** piety under Sif Muna
 16633 | Lair:2   | Reached skill level 10 in Polearms
 17075 | Lair:2   | Got an ichor-stained ring mail
 17315 | Lair:2   | Killed Harold
 17315 | Lair:2   | Reached XP level 12. HP: 86/92 MP: 3/18
 17486 | Lair:1   | Learned a level 2 spell: Blink
 17491 | Lair:1   | Learned a level 2 spell: Repel Missiles
 17716 | Lair:3   | Reached skill level 5 in Spellcasting
 17845 | Lair:3   | Noticed a six-headed hydra
 17853 | Lair:3   | Killed a six-headed hydra
 17932 | Lair:3   | Found a staircase to the Swamp.
 18006 | Lair:3   | Noticed a seven-headed hydra
 18016 | Lair:3   | Killed a seven-headed hydra
 18945 | Lair:4   | Reached skill level 10 in Dodging
 18970 | Lair:4   | Found a hole to the Spider Nest.
 19884 | Lair:4   | Noticed a death yak
 19892 | Lair:4   | Noticed a death yak
 19892 | Lair:4   | Noticed a death yak
 20137 | Lair:4   | Reached skill level 11 in Polearms
 20295 | Lair:4   | Killed a death yak
 20444 | Lair:4   | Killed a death yak
 20444 | Lair:4   | Reached XP level 13. HP: 101/101 MP: 11/22
 20526 | Lair:4   | Reached ***** piety under Sif Muna
 20920 | Lair:5   | Learned a level 3 spell: Regeneration
 21051 | Lair:5   | Identified Sif Muna's Almanac of Damaging Talismans (Sif Muna gifted it to you on level 5 of the Lair of Beasts)
 21051 | Lair:5   | Received a gift from Sif Muna
 21105 | Lair:5   | Reached skill level 10 in Fighting
 21365 | Lair:5   | Reached skill level 12 in Polearms
 21365 | Lair:5   | Reached skill level 1 in Necromancy
 22574 | D:10     | Entered Level 10 of the Dungeon
 22669 | D:10     | Reached skill level 1 in Translocations
 22678 | D:10     | Reached skill level 5 in Conjurations
 22765 | D:10     | Got a slimy scale mail
 23066 | D:10     | Noticed Erica
 23081 | D:10     | Killed Erica
 23349 | D:7      | Killed gressup's ghost
 23679 | Lair:5   | Reached skill level 10 in Ice Magic
 23972 | Lair:6   | Entered Level 6 of the Lair of Beasts
 24643 | Lair:6   | Reached XP level 14. HP: 101/110 MP: 23/23
 24999 | Lair:6   | Identified Buaxamen's Almanac of Frigorific Evil (Sif Muna gifted it to you on level 6 of the Lair of Beasts)
 24999 | Lair:6   | Received a gift from Sif Muna
 24999 | Lair:6   | Reached skill level 13 in Polearms
 26699 | Lair:6   | Found a viscous altar of Jiyva.
 26700 | Lair:6   | Found a staircase to the Slime Pits.
 26829 | Lair:6   | Reached skill level 14 in Polearms
 27642 | Lair:6   | Noticed a dire elephant
 27669 | Lair:6   | Killed a dire elephant
 28405 | Lair:6   | Identified Sif Muna's Guide on Attacks (Sif Muna gifted it to you on level 6 of the Lair of Beasts)
 28405 | Lair:6   | Received a gift from Sif Muna
 28543 | Lair:6   | Reached XP level 15. HP: 115/118 MP: 23/24
 28896 | D:11     | Found Leriumu's Changing Room.
 28991 | D:11     | Noticed Urug
 29021 | D:11     | Killed Urug
 29076 | D:11     | Noticed Josephine
 29522 | D:11     | Killed Josephine
 29901 | D:11     | Got a distressingly furry leather armour
 30613 | Lair:1   | Learned a level 6 spell: Freezing Cloud
 31187 | D:12     | Noticed Erolcha
 31199 | D:12     | Killed Erolcha
 31262 | D:12     | Found a staircase to the Orcish Mines.
 31439 | Orc:1    | Entered Level 1 of the Orcish Mines
 31464 | Orc:1    | Received a gift from Sif Muna
 31479 | Orc:1    | Found Paluhyu's Assorted Antiques.
 31556 | Orc:2    | Entered Level 2 of the Orcish Mines
 31713 | Orc:2    | Paralysed by an orc sorcerer for 4 turns
 31716 | Orc:2    | Reached skill level 5 in Air Magic
 31723 | Orc:2    | Found a labyrinth entrance.
 31728 | Lab      | Entered a labyrinth
 31897 | Lab      | Noticed aTarkinC's ghost (journeyman GrFE)
 31917 | Lab      | Killed aTarkinC's ghost
 32392 | Lab      | Got a wavering diamond amulet
 33241 | Orc:1    | Noticed an orc warlord
 33243 | Orc:1    | Noticed Snorg
 33259 | Orc:2    | Noticed Rupert
 33293 | Orc:2    | HP: 8/178 [Rupert/battleaxe of electrocution (12)]
 33298 | Orc:2    | Slain by Rupert

Vault maps used:
D:1:      zaba_arrival_water, minivault_26
D:2:      minitemple, uniq_robin, uniq_terence
D:3:      first_bread
D:4:      roderic_malta_cross, serial_bayou_pond_d
D:6:      nicolae_lava_and_water, sigmund_edmund_badplayer
D:9:      kb_forest_paths, serial_shops, shop, enter_bailey_2
D:10:     serial_glass, glass_columns_b, glass_columns_a, uniq_erica
D:11:     minmay_cornered_nines, grunt_livestock, nicolae_transmutations_shop,
          uniq_josephine, uniq_urug
D:12:     hiddenorc1_lemuel, uniq_erolcha
Temple:   nicolae_temple_elliptical
Lair:1:   basic_altar, grunt_megastairs_2, infiniplex_staircase_pool_2
Lair:2:   uniq_harold
Lair:3:   minmay_swamp_entry_wisps, pond, grunt_megastairs_1, lemuel_fruit_tree
Lair:4:   spider_nest_entry_web_field
Lair:6:   hangedman_lair_caniforms_friends, hangedman_lair_in_review,
          dpeg_slime_entry_enclosed_altar, minmay_lair_drake_nest
Orc:1:    serial_shops, nicolae_shop_competitors_out_of_business, uniq_snorg
Orc:2:    st_orc_pillars, lab_entry_generic, minmay_orc_temple_b, uniq_rupert
Lab:      labyrinth_spiral, nicolae_lab_grate, nicolae_lab_big_swirl
Bailey:   bailey_polearm_1, bailey

Skill      XL: |  1  2  3  4  5  6  7  8  9 10 11 12 13 14 15 |
---------------+----------------------------------------------+-----
Ice Magic      | 4 5 6 7 8 9 10 13 | 13.8
Charms         | 2 3 4 5 6 |  6.0
Polearms       | 3 4 5 7 10 11 12 14 | 14.0
Conjurations   | 1 3 4 5 6 |  6.1
Shields        | 2 4 |  4.0
Spellcasting   | 3 4 6 7 |  7.0
Summonings     | 1 4 |  4.5
Poison Magic   | 1 3 |  3.5
Fighting       | 1 5 7 9 10 11 | 11.4
Air Magic      | 1 3 5 |  5.4
Dodging        | 6 9 11 12 | 12.0
Armour         | 2 4 |  4.0
Stealth        | 4 5 6 |  6.0
Necromancy     | 2 |  2.1
Translocations | 2 |  2.6

Action                   |  1- 3 |  4- 6 |  7- 9 | 10-12 | 13-15 || total
-------------------------+-------+-------+-------+-------+-------++-------
Melee: Short sword       |    40 |       |       |       |       ||    40
       Dagger            |    46 |   179 |       |       |       ||   225
       Unarmed           |     1 |       |       |       |       ||     1
       Spear             |       |    58 |   395 |   296 |       ||   749
       Trident           |       |       |   104 |   602 |  1926 ||  2632
       Halberd           |       |       |       |       |    18 ||    18
 Fire: Blowgun           |       |     2 |    17 |    21 |       ||    40
       Hunting sling     |       |       |     8 |     6 |     8 ||    22
Throw: Stone             |       |       |     2 |     2 |       ||     4
       Tomahawk          |       |       |     4 |     1 |       ||     5
       Javelin           |       |       |     3 |    14 |     7 ||    24
 Cast: Freeze            |    16 |    15 |    23 |       |       ||    54
       Ozocubu's Armour  |       |     3 |    23 |    49 |    82 ||   157
       Throw Icicle      |       |       |    11 |     1 |    25 ||    37
       Summon Ice Beast  |       |       |    13 |    34 |    93 ||   140
       Mephitic Cloud    |       |       |       |     4 |    10 ||    14
       Repel Missiles    |       |       |       |     1 |     1 ||     2
       Blink             |       |       |       |       |     3 ||     3
       Regeneration      |       |       |       |       |    27 ||    27
       Freezing Cloud    |       |       |       |       |     1 ||     1
Evoke: Wand              |       |       |     2 |     3 |     6 ||    11
  Use: Potion            |       |     4 |     5 |     4 |    20 ||    33
       Scroll            |       |     3 |    17 |     8 |    15 ||    43
 Stab: Sleeping          |     1 |     5 |     7 |    12 |    14 ||    39
       Invisible         |       |       |     1 |     8 |     6 ||    15
       Distracted        |       |       |     2 |       |    15 ||    17
       Confused          |       |       |       |     5 |     7 ||    12
  Eat: Chunk             |     4 |     9 |    18 |    24 |    37 ||    92
       Pizza             |       |     1 |     1 |     2 |     4 ||     8
       Royal jelly       |       |       |     1 |     1 |     1 ||     3
       Bread ration      |       |       |     3 |     1 |     3 ||     7
       Beef jerky        |       |       |       |       |     2 ||     2
Armor: Robe              |    10 |    49 |    94 |     3 |       ||   156
       Fire dragon scale |       |    31 |     8 |       |       ||    39
       Animal skin       |       |     1 |       |       |       ||     1
       Steam dragon scal |       |       |       |   136 |   262 ||   398
       Leather armour    |       |       |       |       |    18 ||    18
       Skin              |       |       |       |       |     3 ||     3
Dodge: Dodged            |    57 |   170 |   248 |   493 |  1329 ||  2297
       Deflected         |       |       |       |       |    12 ||    12
Block: Buckler           |       |       |    87 |   198 |   452 ||   737
